 Dungeon Crawl Stone Soup version 0.29.1-1-gd02db6906a (webtiles) character file.

Game seed: 2373179117332820177

10265 safid the Marksminotaur (level 11, -11/94 HPs)
             Began as a Minotaur Hunter on Sept 23, 2022.
             Was a High Priest of Okawaru.
             Mangled by a komodo dragon (17 damage)
             ... on level 1 of the Lair of Beasts.
             The game lasted 00:19:27 (10615 turns).

safid the Marksminotaur (Minotaur Hunter)          Turns: 10615, Time: 00:19:28

Health: -11/94     AC:  4    Str: 24    XL:     11   Next: 33%
Magic:  15/15      EV: 14    Int:  6    God:    Okawaru [*****.]
Gold:   591        SH:  0    Dex: 24    Spells: 10/10 levels left

rFire   . . .      SeeInvis .   b - +0 arbalest
rCold   . . .      Faith    .   (shield currently unavailable)
rNeg    . . .      Spirit   .   r - +3 leather armour "Xeplut" {*Corrode rPois Str+2}
rPois   +          Reflect  .   m - +0 hat
rElec   .          Harm     .   A - +0 cloak
rCorr   .          Rampage  .   (no gloves)
Will    .....                   (no boots)
Stlth   ++........              o - amulet of regeneration
HPRegen 1.05/turn               j - +6 ring of dexterity
MPRegen 0.14/turn               n - +6 ring of strength

@: corroded
A: horns 2, retaliatory headbutt
a: Renounce Religion, Heroism, Finesse, Duel


You were on level 1 of the Lair of Beasts.
You worshipped Okawaru.
Okawaru was extremely pleased with you.
You visited 3 branches of the dungeon, and saw 13 of its levels.

You collected 591 gold pieces.

Inventory:

Hand Weapons
 b - a +0 arbalest (weapon)
 H - the +5 sling "Mokyitish" {flame, rPois}
   (You found it on level 1 of the Lair of Beasts)

   Any ammunition fired from it burns those it strikes, dealing additional fire
   damage.
   rPois:     It protects you from poison.
Armour
 m - a +0 hat (worn)
 r - the +3 leather armour "Xeplut" (worn) {*Corrode rPois Str+2}
   (You found it on level 3 of the Dungeon)

   Str:       It affects your strength (+2).
   rPois:     It protects you from poison.
   *Corrode:  It may corrode you when you take damage.
 A - a +0 cloak (worn)
Jewellery
 j - a +6 ring of dexterity (left hand)
 n - a +6 ring of strength (right hand)
 o - an amulet of regeneration (around neck)
 s - a ring of protection from fire
Wands
 v - a wand of polymorph (2)
 x - a wand of flame (19)
 z - a wand of paralysis (8)
 C - a wand of digging (10)
Scrolls
 e - 2 scrolls of identify
 f - 5 scrolls of teleportation
 i - 2 scrolls of torment {unknown}
 l - 5 scrolls of blinking
 u - a scroll of enchant armour {unknown}
 w - a scroll of silence {unknown}
 y - 2 scrolls of poison {unknown}
 F - a scroll of magic mapping {unknown}
Potions
 c - 4 potions of curing {unknown}
 d - a potion of degeneration {unknown}
 g - 3 potions of invisibility {unknown}
 h - 4 potions of heal wounds
 k - 2 potions of flight {unknown}
 p - 2 potions of attraction
 q - a potion of ambrosia {unknown}
 t - 3 potions of berserk rage {unknown}
 B - 3 potions of haste {unknown}
 D - 2 potions of cancellation {unknown}
 E - a potion of mutation {unknown}
 G - a potion of brilliance {unknown}


   Skills:
 - Level 8.0 Fighting
 + Level 15.2 Ranged Weapons
 - Level 6.0 Armour
 - Level 4.0 Dodging
 - Level 0.7 Stealth
 + Level 7.9 Invocations


You had 10 spell levels left.
You didn't know any spells.
Your spell library contained the following spells:

 Spells                   Type           Power      Damage    Failure   Level
 Scorch                   Fire           0%         2d5       63%         2
 Gell's Gravitas          Tloc           0%         N/A       86%         3
 Portal Projectile        Hex/Tloc       0%         N/A       86%         3
 Teleport Other           Tloc           0%         N/A       86%         3
 Flame Wave               Conj/Fire      0%         2d4       99%         4
 Blade Hands              Tmut           0%         N/A       100%        5
 Dispersal                Tloc           0%         N/A       100%        6
 Tukima's Dance           Hex            Unusable   N/A       N/A         3
 Summon Cactus Giant      Summ           Unusable   N/A       N/A         6

Dungeon Overview and Level Annotations

Branches:
Dungeon (11/15)            Temple (1/1) D:7            Lair (1/5) D:9
    Orc (0/2) D:9

Altars:
Ashenzari
Cheibriados
Dithmenos
Elyvilon
Fedhas
Gozag
Hepliaklqana
Kikubaaqudgha
Makhleb
Nemelex Xobeh
Okawaru
Qazlal
Ru
Sif Muna
Trog
Uskayaw
Vehumet
Wu Jian
Xom
Yredelemnul
Zin
The Shining One


Innate Abilities, Weirdness & Mutations

You have a pair of horns on your head.
You reflexively headbutt those who attack you in melee.


Message History

You shoot a bolt.
The bolt completely misses the komodo dragon.
The water moccasin hisses angrily.
You shoot a bolt. The bolt hits the komodo dragon!
The komodo dragon is moderately wounded.
You shoot a bolt. The bolt hits the komodo dragon.
The komodo dragon is heavily wounded.
You shoot a bolt.
The bolt hits the komodo dragon but does no damage.
The komodo dragon is heavily wounded.
You shoot a bolt.
The bolt closely misses the komodo dragon.
The water moccasin misses you. You furiously retaliate!
You headbutt the water moccasin. The komodo dragon closely misses you.
You shoot a bolt. The bolt hits the komodo dragon!!
The komodo dragon is almost dead.
The water moccasin bites you. The komodo dragon bites you!!
The water moccasin bites you.
Your corrosive artefact corrodes you!
You shoot a bolt.
The bolt barely misses the komodo dragon.
The water moccasin misses you. The komodo dragon bites you!
The water moccasin closely misses you.
You shoot a bolt.
The bolt hits the komodo dragon but does no damage.
The komodo dragon is almost dead.
The komodo dragon bites you!! The water moccasin bites you.
* * * LOW HITPOINT WARNING * * *
You are too injured to fight recklessly!
You are too injured to fight recklessly!
Unknown command.
Fire: b) +0 arbalest
Press: ? - help, Q - select action, (/) - cycle Shift-Dir - straight line, f/p - komodo dragon
Aim: a komodo dragon (almost dead, 76% to hit)
You shoot a bolt. The bolt hits the komodo dragon.
The komodo dragon is almost dead.
The water moccasin bites you but does no damage.
The komodo dragon bites you!!
* * * LOW HITPOINT WARNING * * *
The water moccasin closely misses you. The komodo dragon bites you!
You die...

.... ##.....# ...
###......## ...
##.........# ...
#........#.##
............##
#........P...##
#......)......#
#.............##
#........@S..>P#
#.........l.....#
...............##
................#
#.#.#.#.#.#.#....
....>............
.#.#.#.#.#.#...#
..............#


You could see a komodo dragon and a water moccasin.

Vanquished Creatures
  2 two-headed ogres (D:8)
  A black mamba (Lair:1)
  An unseen horror (D:10)
  A rime drake (Lair:1)
  Sigmund (D:5)
  2 wyverns
  13 yaks
  2 steam dragons
  Edmund (D:4)
  4 water moccasins
  2 ice beasts (D:6)
  6 orc warriors
  3 black bears
  3 sky beasts
  2 ogres (D:5)
  A phantom (D:6)
  A kobold brigand (D:7)
  3 bullfrogs
  A necrophage (D:7)
  A gnoll sergeant (D:7)
  9 scorpions
  9 wights
  9 killer bees
  7 howler monkeys
  An electric eel (D:8)
  A crimson imp (D:8)
  5 hounds
  2 jellies
  14 orc priests
  2 gnoll boudas
  5 iguanas
  Ijyb (D:5)
  15 orc wizards
  Robin (D:1)
  14 gnolls
  6 adders
  A white imp (D:8)
  3 worms
  A dart slug (D:1)
  41 orcs
  8 ball pythons
  7 endoplasms
  3 giant cockroaches
  13 goblins
  5 hobgoblins
  12 jackals
  16 kobolds
  4 quokkas
  3 bats (D:1)
  2 frilled lizards
  5 rats
276 creatures vanquished.

Vanquished Creatures (others)
  An orc wizard (D:4)
  6 fungi
  4 plants (D:2)
11 creatures vanquished.

Grand Total: 287 creatures vanquished

Notes
Turn   | Place    | Note
-------+----------+-------------------------------------------
     0 | D:1      | safid the Minotaur Hunter began the quest for the Orb.
     0 | D:1      | Reached XP level 1. HP: 18/18 MP: 0/0
   309 | D:1      | Reached XP level 2. HP: 24/25 MP: 1/1
   861 | D:1      | Reached XP level 3. HP: 22/31 MP: 2/2
  1189 | D:2      | Noticed Robin
  1218 | D:1      | Killed Robin
  1351 | D:2      | Reached skill level 5 in Ranged Weapons
  1591 | D:2      | Reached XP level 4. HP: 38/39 MP: 3/3
  1952 | D:2      | Found a faded altar of an unknown god.
  2268 | D:3      | Identified the +3 leather armour "Xeplut" {*Corrode rPois
                  | Str+2}
  2567 | D:3      | Found a glowing golden altar of the Shining One.
  2769 | D:4      | Found a basalt altar of Yredelemnul.
  2770 | D:4      | Found a white marble altar of Elyvilon.
  2771 | D:4      | Found a sacrificial altar of Ru.
  2771 | D:4      | Found an ornate altar of the Wu Jian Council.
  2777 | D:4      | Found a shimmering altar of Xom.
  2779 | D:4      | Reached XP level 5. HP: 46/46 MP: 4/4
  2779 | D:4      | Found a snail-covered altar of Cheibriados.
  2951 | D:4      | Noticed a black bear
  2956 | D:4      | Killed a black bear
  2957 | D:4      | Reached skill level 5 in Fighting
  2957 | D:4      | Reached skill level 6 in Ranged Weapons
  2957 | D:4      | Reached XP level 6. HP: 56/56 MP: 5/5
  3212 | D:4      | Reached skill level 1 in Armour
  3231 | D:4      | Noticed Edmund
  3254 | D:4      | Killed Edmund
  3255 | D:4      | Reached XP level 7. HP: 25/62 MP: 6/6
  3836 | D:4      | Reached skill level 7 in Ranged Weapons
  3892 | D:5      | Entered Level 5 of the Dungeon
  3892 | D:5      | Noticed Sigmund
  3900 | D:5      | Killed Sigmund
  4105 | D:5      | Reached XP level 8. HP: 73/73 MP: 7/7
  4173 | D:5      | Noticed Ijyb
  4174 | D:5      | Paralysed by Ijyb for 4 turns
  4188 | D:5      | Killed Ijyb
  4367 | D:5      | Reached skill level 8 in Ranged Weapons
  4778 | D:6      | Reached skill level 9 in Ranged Weapons
  5391 | D:6      | Reached skill level 10 in Ranged Weapons
  5484 | D:6      | Reached XP level 9. HP: 76/81 MP: 5/8
  5620 | D:6      | Reached skill level 11 in Ranged Weapons
  5770 | D:6      | Reached skill level 5 in Armour
  6322 | D:7      | Reached skill level 12 in Ranged Weapons
  6357 | D:7      | Found a staircase to the Ecumenical Temple.
  6368 | Temple   | Entered the Ecumenical Temple
  6373 | Temple   | Became a worshipper of Warmaster Okawaru
  6684 | D:7      | Reached skill level 1 in Invocations
  7280 | D:8      | Reached * piety under Okawaru
  7281 | D:8      | Reached XP level 10. HP: 88/88 MP: 10/10
  7284 | D:8      | Reached skill level 13 in Ranged Weapons
  7521 | D:8      | Noticed a two-headed ogre
  7524 | D:8      | Killed a two-headed ogre
  7725 | D:8      | Noticed a two-headed ogre
  7728 | D:8      | Killed a two-headed ogre
  7728 | D:8      | Reached ** piety under Okawaru
  8427 | D:9      | Reached skill level 5 in Invocations
  8430 | D:9      | Reached *** piety under Okawaru
  8431 | D:9      | Reached skill level 14 in Ranged Weapons
  8786 | D:9      | Reached **** piety under Okawaru
  8904 | D:9      | Found a staircase to the Lair.
  9032 | D:9      | Found a staircase to the Orcish Mines.
  9034 | D:9      | Reached XP level 11. HP: 94/94 MP: 14/14
  9654 | D:10     | Entered Level 10 of the Dungeon
 10171 | D:10     | Reached skill level 15 in Ranged Weapons
 10296 | Lair:1   | Entered Level 1 of the Lair of Beasts
 10325 | Lair:1   | Reached ***** piety under Okawaru
 10601 | Lair:1   | Identified the +5 sling "Mokyitish" {flame, rPois}
 10615 | Lair:1   | Mangled by a komodo dragon

Illustrated notes

Levels and vault maps discovered:
D:1:      lightli_arrival_chessboard, layout_basic
D:2:      layout_basic, dreamdust_ecumenical_altar_grove,
          minmay_misc_feat_four_crosses, uniq_robin
D:3:      layout_basic, tso_oasis_becter
D:4:      layout_basic, grunt_temple_overflow_open, uniq_edmund
D:5:      layout_loops_ring, st_stairs_6, uniq_ijyb, uniq_sigmund
D:6:      layout_basic
D:7:      layout_basic, minmay_temple_entry_overgrown
D:8:      layout_basic, minmay_fire_ice_demons
D:9:      layout_stronghold, lair_entry_dummy, orc_0_dummy, abandoned_shop
D:10:     layout_loops_ring
D:11:     layout_basic, columned_hall_lemuel, uniq_josephine, uniq_psyche
Temple:   minmay_freezing_vapour_temple
Lair:1:   layout_cave_pods, st_stairs_13, serial_bayou_shore_b

Skill      XL: |  1  2  3  4  5  6  7  8  9 10 11 |
---------------+----------------------------------+-----
Fighting       | 3 4 5 7 8 |  8.0
Dodging        | 3 4 |  4.0
Ranged Weapons | 5 6 7 10 12 14 15 | 15.2
Armour         | 2 4 6 |  6.0
Invocations    | 1 6 7 |  7.9
Stealth        | |  0.7

Action                   |  1- 3 |  4- 6 |  7- 9 | 10-12 || total
-------------------------+-------+-------+-------+-------++-------
 Fire: Shortbow          |   130 |   142 |   213 |       ||   485
       Arbalest          |       |       |   121 |   282 ||   403
  Use: Scroll            |       |       |     4 |     3 ||     7
       Potion            |       |       |       |     2 ||     2
Armor: Leather armour    |    29 |     8 |    31 |    37 ||   105
Dodge: Dodged            |    59 |    41 |   126 |   103 ||   329
